 Dungeon Crawl Stone Soup version 0.29-a0-414-g5075937ec3 (webtiles) character file.

Game seed: 11204400912792370064

120 purpskrrrp the Skirmisher (level 5, -1/28 HPs)
             Began as a Vine Stalker Fighter on May 16, 2022.
             Killed from afar by a steam dragon (9 damage)
             ... with a ball of steam
             ... on level 4 of the Dungeon.
             The game lasted 00:11:59 (2176 turns).

purpskrrrp the Skirmisher (Vine Stalker Fighter)    Turns: 2176, Time: 00:11:59

Health: -1/28      AC: 14    Str: 21    XL:     5   Next: 4%
Magic:  0/6        EV:  9    Int:  8    God:
Gold:   102        SH:  4    Dex: 13    Spells: 3/4 levels left

rFire   . . .      SeeInvis .   h - +0 mace (protect)
rCold   . . .      Faith    .   c - +0 buckler
rNeg    . . .      Spirit   +   b - +0 scale mail
rPois   .          Reflect  .   (no helmet)
rElec   .          Harm     .   (no cloak)
rCorr   .          Rampage  .   e - +0 pair of gloves
Will    +....      Rnd*Tele +   (no boots)
Stlth   ..........              p - amulet of magic regeneration
HPRegen 0.89/turn               m - ring of willpower
MPRegen 0.50/turn               (no ring)

@: under a protective aura
A: fangs 2, regeneration 1, magic shield, antimagic bite, no potion heal 2,
sense surroundings 1, teleportitis 1
a: no special abilities


You were on level 4 of the Dungeon.
You visited 1 branch of the dungeon, and saw 3 of its levels.

You collected 102 gold pieces.

Inventory:

Hand Weapons
 a - a +0 long sword
 h - a +0 mace of protection (weapon)
Missiles
 g - 8 poisoned darts
 s - 2 javelins
Armour
 b - a +0 scale mail (worn)
 c - a +0 buckler (worn)
 e - a +0 pair of gloves (worn)
 k - a +0 ring mail
Jewellery
 m - a ring of willpower (left hand)
 p - an amulet of magic regeneration (around neck)
Wands
 n - a wand of polymorph (10) (quivered)
Scrolls
 i - a scroll of noise {unknown}
 j - a scroll of vulnerability {unknown}
 o - a scroll of enchant armour {unknown}
 t - a scroll of teleportation {unknown}
Potions
 d - a potion of might
 f - a potion of attraction
 l - a potion of degeneration
 q - a potion of brilliance {unknown}
 r - a potion of heal wounds {unknown}


   Skills:
 + Level 3.4 Fighting
 + Level 2.2 Long Blades
 + Level 1.9 Maces & Flails
 + Level 0.1 Throwing
 + Level 2.8 Armour
 + Level 0.5 Dodging
 + Level 0.1 Stealth
 + Level 3.1 Shields


You had 3 spell levels left.
You knew the following spells:

 Your Spells              Type           Power      Damage    Failure   Level
a - Summon Small Mammal   Summ           0%         N/A       85%         1

Your spell library contained the following spells:

 Spells                   Type           Power      Damage    Failure   Level
 Shock                    Conj/Air       0%         1d3       85%         1
 Call Canine Familiar     Summ           0%         N/A       99%         3
 Summon Guardian Golem    Hex/Summ       0%         N/A       99%         3


Dungeon Overview and Level Annotations

Branches:
Dungeon (4/15)
 Temple: D:4-7

Altars:

Annotations:
D:2 1 runed translucent door, Crazy Yiuf


Innate Abilities, Weirdness & Mutations

You have extremely sharp teeth.
Your natural rate of healing is unusually fast.
When hurt, damage is shared between your health and your magic reserves.
Your bite disrupts and absorbs the magic of your enemies.
Potions cannot restore your health.
You passively map a small area around you.
You are occasionally teleported next to monsters.


Message History

The steam dragon bites you but does no damage.
The steam dragon closely misses you.
You hit the steam dragon but do no damage.
You bite the steam dragon. You drain its power.
You feel invigorated.
The steam dragon is heavily wounded.
The steam dragon completely misses you. x2; The steam dragon bites you!
The steam dragon completely misses you.
You closely miss the steam dragon. You bite the steam dragon.
You drain its power.
You feel invigorated.
The steam dragon is heavily wounded.
The steam dragon completely misses you.
The steam dragon claws you but does no damage.
You hit the steam dragon.
The steam dragon is severely wounded.
The steam dragon bites you but does no damage.
The steam dragon barely misses you.
You hit the steam dragon.
The steam dragon is severely wounded.
The steam dragon breathes steam at you. The ball of steam hits you!
The steam dragon bites you but does no damage.
The steam dragon claws you but does no damage.
You closely miss the steam dragon. You bite the steam dragon.
You drain its power.
You feel invigorated.
The steam dragon is almost dead.
You are engulfed in a cloud of scalding steam.
The steam dragon bites you but does no damage.
The steam dragon closely misses you.
You barely miss the steam dragon.
The steam dragon is almost dead.
You block the steam dragon's attack.
The steam dragon claws you but does no damage.
The steam dragon bites you!
* * * LOW HITPOINT WARNING * * *
The steam dragon claws you but does no damage.
You hit the steam dragon.
The steam dragon is almost dead.
The steam dragon breathes steam at you. The ball of steam hits you!
You die...

* * #...... ,* ** ,,
#...... , * ,,* #...... *
*,, * #....JY , * * ,
,*,#.##### , ** *
###########J##### ,
.........J....... *
.#############.#########
,,
,,....ยงยง.@D.....(.......
, *
#.#######<######........,
#...........############
###...)........ ,,,
#.###.####### *
############.########
).................... **
#############.####.##* ,
### #.# ,


You could see a steam dragon (catching breath).

Vanquished Creatures
  An orc priest (D:4)
  A gnoll (D:2)
  2 adders (D:2)
  A worm (D:2)
  4 dart slugs
  2 orcs (D:4)
  7 endoplasms
  A giant cockroach (D:2)
  3 hobgoblins
  A jackal (D:2)
  6 kobolds (D:1)
  4 quokkas
  7 ball pythons
  3 bats (D:1)
  A frilled lizard (D:1)
  2 goblins
  5 rats
51 creatures vanquished.

Vanquished Creatures (others)
  A ghoul (D:1)
  A demonspawn (D:1)
  An octopode (D:1)
  An elf (D:1)
  A vampire (D:1)
  A spriggan (D:1)
  A naga (D:1)
  2 demigods (D:1)
  A felid (D:1)
  A gnoll (D:1)
  A kobold (D:1)
  A plant (D:1)
  5 tentacles (D:1)
18 creatures vanquished.

Grand Total: 69 creatures vanquished

Notes
Turn   | Place    | Note
-------+----------+-------------------------------------------
     0 | D:1      | purpskrrrp the Vine Stalker Fighter began the quest for the
                  | Orb.
     0 | D:1      | Reached XP level 1. HP: 11/11 MP: 2/2
     0 | D:1      | Noticed a spriggan
     0 | D:1      | Noticed a vampire
     0 | D:1      | Noticed a naga
     0 | D:1      | Noticed a demigod
     0 | D:1      | Noticed a demigod
     0 | D:1      | Noticed an octopode
     0 | D:1      | Noticed a kraken
     0 | D:1      | Noticed an elf
     0 | D:1      | Noticed a demonspawn
     0 | D:1      | Noticed a felid
     0 | D:1      | Noticed a ghoul
     6 | D:1      | Killed a ghoul
     6 | D:1      | Killed a felid
     8 | D:1      | Killed a spriggan
     8 | D:1      | Killed a demonspawn
     9 | D:1      | Killed an octopode
    10 | D:1      | Killed an elf
    11 | D:1      | Killed a vampire
    11 | D:1      | Killed a naga
    11 | D:1      | Killed a demigod
    13 | D:1      | Killed a demigod
   422 | D:1      | Reached XP level 2. HP: 16/16 MP: 3/3
   976 | D:1      | Reached XP level 3. HP: 19/19 MP: 4/4
  1026 | D:1      | Found a faded altar of an unknown god.
  1035 | D:1      | Got Plato's Reference Book on the Birds
  1140 | D:2      | Learned a level 1 spell: Summon Small Mammal
  1283 | D:2      | Reached skill level 1 in Maces & Flails
  1562 | D:2      | Found a runed translucent door.
  1563 | D:2      | Noticed Crazy Yiuf
  1722 | D:2      | Gained mutation: Your natural rate of healing is unusually
                  | fast. [Vine Stalker growth]
  1722 | D:2      | Reached XP level 4. HP: 14/24 MP: 5/5
  1733 | D:2      | Gained mutation: You are occasionally teleported next to
                  | monsters. [potion of mutation]
  1733 | D:2      | Gained mutation: You passively map a small area around you.
                  | [potion of mutation]
  2069 | D:2      | You fall into a shaft and drop 2 floors!
  2098 | D:4      | Reached XP level 5. HP: 14/28 MP: 3/6
  2147 | D:4      | Noticed a sky beast
  2166 | D:4      | Noticed a steam dragon
  2166 | D:4      | a sky beast changed into a steam dragon
  2176 | D:4      | Killed from afar by a steam dragon

Illustrated notes

Levels and vault maps discovered:
D:1:      nicolae_arrival_kraken_aquarium_a, layout_rooms,
          shapermc_ecumenical_altar_rom_forum
D:2:      layout_basic, eino_curves_04, minmay_joined_circles,
          uniq_crazy_yiuf_cottage
D:4:      minmay_razor_zed, layout_basic, minmay_temple_entry_stoned_glass,
          serial_shops, nicolae_shop_bloodbath_and_beyond

Skill      XL: |  1  2  3 |
---------------+----------+-----
Long Blades    | 2 |  2.2
Shields        | 3 |  3.1
Fighting       | 3 |  3.4
Maces & Flails | 1 |  1.9
Throwing       | |  0.1
Armour         | |  2.8
Dodging        | |  0.5
Stealth        | |  0.1

Action                   |  1- 3 |  4- 6 || total
-------------------------+-------+-------++-------
Melee: Long sword        |    20 |       ||    20
       Bite              |    29 |    11 ||    40
       Mace              |    82 |    44 ||   126
Throw: Dart              |     3 |     1 ||     4
       Javelin           |       |     3 ||     3
Evoke: Wand              |       |     1 ||     1
  Use: Scroll            |       |     3 ||     3
       Potion            |       |     1 ||     1
Armor: Scale mail        |    57 |    19 ||    76
Dodge: Dodged            |    54 |    22 ||    76
Block: Buckler           |    30 |     4 ||    34

Table legend: (Time is in decaauts)
 A = Elapsed time spent in this place.
 B = Non-inter-level travel time spent in this place.
 C = Inter-level travel time spent in this place.
 D = Time resting spent in this place.
 E = Time spent auto-exploring this place.
 F = Levels seen in this place.
 G = Mean time per level.
                   A        B        C        D        E       F      G
               +--------+--------+--------+--------+--------+-----+--------+
         Total |   2235 |   2053 |    182 |    253 |   1333 |   3 |  745.0 |
       Dungeon |   2235 |   2053 |    182 |    253 |   1333 |   3 |  745.0 |
               +--------+--------+--------+--------+--------+-----+--------+

Top non-repeatable levels by time:
     D:1: 1150 daAuts
     D:2: 969 daAuts
     D:4: 114 daAuts
